Zazza, neutral female human Tourist # -------- -----+-- |......| |.......######---------- # |>.....-# |......| #.........| ------------ |......|# ----.--- |........| |..........| |......|# # |.....@f.| |..........-########## |......|# ### |......[..#############|..........|# ----.- --------# # ----|----- #------|-----#####.....| # ### ####################################|....| # # # # ### |....| # ### ### #########################+....| # # # # ###|....| ####### ------.--------- # #+....| #-.------------- |..............| # ------ #|.............| #...............| # #|..............######|..............| ----.--------- #..............| |...............######|............| |.............| --------------+- #-.........<..| ---------|----- # |............| # ------------+- # Zazza the Rambler Experience level: 1 Strength: 12 Dexterity: 13 Constitution: 15 Intelligence: 11 Wisdom: 7 Charisma: 18 Health: 0(13) Energy: 2(2) Def: 0 Gold: 1587 Moves: 2035 Dungeon seed: zZcOX0IVXj9_loZL Game ID: Zazza_1619091834 Your Inventory: Coins $ - 1587 gold pieces Amulets G - an uncursed amulet versus poison (being worn) Weapons a - 39 +2 darts (in quiver) t - a +2 elven dagger (weapon in hand) L - a +0 sling Armor e - an uncursed +0 Hawaiian shirt (being worn) q - an uncursed +0 orcish helm R - a cursed -1 helm of opposite alignment Y - an uncursed burnt +0 cloak of displacement (being worn) Comestibles b - 8 uncursed food rations g - an uncursed clove of garlic i - 2 uncursed tripe rations z - an uncursed slime mold M - an uncursed lembas wafer Q - an uncursed lichen corpse Scrolls F - a cursed scroll of teleportation H - an uncursed scroll of light J - an uncursed scroll of gold detection Potions j - an uncursed potion of extra healing k - a blessed potion of extra healing p - an uncursed potion of see invisible w - an uncursed potion of blindness C - an uncursed potion of confusion I - an uncursed potion of levitation O - an uncursed potion of paralysis Rings K - an uncursed ring of free action N - an uncursed ring of conflict Wands v - a wand of sleep (0:4) Tools n - an expensive camera (0:93) o - an uncursed credit card S - an uncursed tin opener Gems r - an uncursed worthless piece of violet glass Spells and supernatural/magical abilities: Name Level Category Fail Memory W - pray for help -- divine ? -- Your skills at the end: Fighting Skills Weapon Skills dart [Basic] Spellcasting Skills Final Attributes: You were nominally aligned. You were poison resistant. You were displaced. You are dead. Vanquished creatures: a werejackal an iguana 2 hobbits a large kobold a hobgoblin a brown mold a green mold 8 jackals 2 foxes 2 kobolds 2 sewer rats 4 grid bugs 3 lichens 2 kobold zombies 2 newts 33 creatures vanquished. Voluntary challenges: You had followed a strict vegetarian diet until turn 1813. You used a wielded weapon 1 time, starting on turn 1400. You were a pacifist. You read items or engraved 8 times, starting on turn 403. You never genocided any monsters. You never polymorphed an object. You never changed form. You used no wishes. You never split a pudding. You wrote Elbereth's name 2 times, starting on turn 1866. You never violated your personal moral code. Dungeon overview: The Dungeons of Doom: levels 1 to 5 Level 1 a long staircase Level 2 a weapon shop stairs to The Gnomish Mines Level 3 a general store Level 4 Level 5 <- You were here The Gnomish Mines: Level 3 stairs to The Dungeons of Doom History has recorded: On T:1 you entered the Dungeons of Doom to retrieve the Amulet of Yendor! On T:256 you reached level 2 of The Dungeons of Doom. On T:943 you reached level 1 of The Gnomish Mines. On T:969 you reached level 3 of The Dungeons of Doom. On T:1287 you reached level 4 of The Dungeons of Doom. On T:1739 you reached level 5 of The Dungeons of Doom. Score breakdown: Gold: 1033 (10254 points) Experience: 1 level ( 0 points) Exploration: 5 levels ( 10.00%) ( 8571 points) Discoveries: 13 items ( 4.36%) ( 6265 points) Valuables value: (no points given unless you survive) Artifact value: 0 ( 0 points) Variety of kills: 15 monsters ( 3.94%) ( 5952 points) Turncount: 2035 turns ( -26 points) Survival: died (score multiplied by 80%) Total score: 24812 Latest messages: Armand bites the lichen. The lichen is killed! You see here a lichen corpse. Q - a lichen corpse. You displace Armand. You see here a tin opener. S - a tin opener. Armand picks up a leather jacket. You see here a large box. You don't have a special ability in your normal form! Hmmm, it seems to be locked. Armand drops a leather jacket. You succeed in picking the lock. You trigger a trap! A tower of flame bursts from the large box! You stop picking the lock. Your cloak smoulders! Your scroll of magic mapping catches fire and burns! One of your potions of extra healing boils and explodes! Your fizzy potion boils and explodes! (You can name a fizzy potion from the item naming menu.) You die... Final status: Aloha Zazza the Tourist, killed by a boiling potion... You died in The Dungeons of Doom on dungeon level 5 with 24812 points, and 1587 pieces of gold, after 2035 moves. You were level 1 with a maximum of 13 hit points when you died.